 Dungeon Crawl Stone Soup version 0.23.0 (webtiles) character file.

Game seed: 12266898478298013893

79 Borgoz the Sneak (level 4, 0/26 HPs)
             Began as a Kobold Assassin on Feb 17, 2019.
             Killed from afar by Sigmund (12 damage)
             ... with a puff of flame
             ... on level 2 of the Dungeon.
             The game lasted 00:03:29 (1760 turns).

Borgoz the Sneak (Kobold Assassin)                  Turns: 1760, Time: 00:03:30

Health: 0/26       AC:  3    Str:  9    XL:     4   Next: 62%
Magic:  4/4        EV: 15    Int: 12    God:
Gold:   24         SH:  0    Dex: 16    Spells: 3/3 levels left

rFire    . . .     SeeInvis .   a - +2 dagger
rCold    . . .     Gourm    .   (shield restricted)
rNeg     . . .     Faith    .   c - +0 robe
rPois    .         Spirit   .   (no helmet)
rElec    .         Reflect  .   d - +0 cloak
rCorr    .         Harm     .   (no gloves)
MR       .....                  (no boots)
Stlth    ++........             (no amulet)
HPRegen  0.08/turn              (no ring)
MPRegen  0.09/turn              (no ring)

@: confused
A: small, carnivore
a: no special abilities


You were on level 2 of the Dungeon.
You were completely stuffed.

You visited 1 branch of the dungeon, and saw 2 of its levels.

You collected 24 gold pieces.

Inventory:

Hand Weapons
 a - a +2 dagger (weapon)
 b - a +0 blowgun
Missiles
 e - 4 poisoned needles
 f - 2 curare-tipped needles
Armour
 c - a +0 robe (worn)
 d - a +0 cloak (worn)
 h - a +0 leather armour
Comestibles
 g - 5 rations


   Skills:
 + Level 2.2 Fighting
 * Level 3.8 Short Blades
 + Level 2.2 Throwing
 * Level 2.0 Dodging
 * Level 6.9 Stealth


You had 3 spell levels left.
You didn't know any spells.
Your spell library was empty.

Dungeon Overview and Level Annotations

Branches:
Dungeon (2/15)

Altars:

Annotations:
D:2 Robin, Sigmund, Terence


Innate Abilities, Weirdness & Mutations

You are small and have problems with some larger weapons.
You are carnivorous and can eat meat at any time.


Message History

You see here a stone.
You bump into the rock wall.
The kobold throws a stone.
The stone misses you.
Sigmund mumbles some strange words.
Sigmund flickers and vanishes!
Deactivating autopickup; reactivate with Ctrl-A.
The kobold throws a stone.
The stone hits you. Something barely misses you.
You feel less confused.
The kobold throws a stone.
The stone misses you.
You see here a stone.
Something hits you!
You see here 2 stones.
You aren't carrying any potions.
You aren't carrying any scrolls.
You hear some strange, mumbled words.
You are confused.
Something barely misses you.
You bump into the rock wall.
A puff of flame appears from out of thin air!
The puff of flame hits you!
You die...

#.# ### .....# #. #.# #..
#.... #. #.###.# #.... ..
#....P. #.#.#.# #. ###....
#.#.#.#.# #. #.... #.#.#.#.#
#. ##.... #.#.#..)#
#########.####...>.
#.#.#...###.@.............##.
#.#.#..(K{.....$....####.###.
#.#.#(.####.#######. #.# #.
##.#<#....(..# gg #.# #.
#....##.####.# #g# #.# #.
#..####.§..§.# #g #.# . #.[#
#...§§.# #g #.#
#..####..§§§.# #g #.#
#....^.§[§§§§# #.#


You could see a kobold.

Vanquished Creatures
  A hound zombie (D:2)
  An adder (D:2)
  3 adder skeletons (D:2)
  A dart slug (D:1)
  6 bats
  4 giant cockroaches
  7 goblins
  7 hobgoblins
  4 jackals (D:2)
  2 frilled lizards
  3 kobolds
  6 rats
45 creatures vanquished.

Notes
Turn   | Place    | Note
-------+----------+-------------------------------------------
     0 | D:1      | Borgoz the Kobold Assassin began the quest for the Orb.
     0 | D:1      | Reached XP level 1. HP: 12/12 MP: 1/1
   145 | D:1      | Reached XP level 2. HP: 17/17 MP: 2/2
   369 | D:1      | Reached skill level 6 in Stealth
   427 | D:1      | You fall through a shaft!
   441 | D:2      | Reached XP level 3. HP: 10/21 MP: 3/3
   810 | D:2      | Noticed Robin
   859 | D:2      | Reached XP level 4. HP: 26/26 MP: 4/4
   923 | D:2      | Noticed Sigmund
  1376 | D:2      | Noticed Terence
  1760 | D:2      | Killed from afar by Sigmund

Skill      XL: |  1  2  3 |
---------------+----------+-----
Stealth        | 6 |  6.9
Short Blades   | 3 |  3.8
Dodging        | 2 |  2.0
Fighting       | |  2.2
Throwing       | |  2.2

Action                   |  1- 3 |  4- 6 || total
-------------------------+-------+-------++-------
Melee: Dagger            |    53 |   102 ||   155
 Fire: Blowgun           |       |     5 ||     5
  Use: Scroll            |     2 |     1 ||     3
 Stab: Sleeping          |     4 |     5 ||     9
  Eat: Chunk             |     7 |     4 ||    11
Armor: Robe              |     4 |    11 ||    15
Dodge: Dodged            |    22 |    71 ||    93
